 Dungeon Crawl Stone Soup version 0.25-a0-516-g7d600cd (webtiles) character file.

Game seed: 13603990134587082922, levelgen mode: deterministic

417 2tousent the Chiller (level 6, 0/41 HPs)
             Began as a Merfolk Ice Elementalist on Feb 16, 2020.
             Was a Believer of Cheibriados.
             Slain by an ogre
             ... wielding a +0 giant club
              (28 damage)
             ... on level 4 of the Dungeon.
             The game lasted 00:13:14 (4359 turns).

2tousent the Chiller (Merfolk Ice Elementalist)     Turns: 4359, Time: 00:13:15

Health: 0/41       AC:  3    Str: 13    XL:     6   Next: 92%
Magic:  6/9        EV: 13    Int: 20    God:    Cheibriados [**....]
Gold:   222        SH:  0    Dex: 18    Spells: 1/9 levels left

rFire    x . .     SeeInvis .   g - +1 spear
rCold    + . .     Gourm    .   (no shield)
rNeg     . . .     Faith    .   a - +0 robe
rPois    .         Spirit   .   (no helmet)
rElec    .         Reflect  .   (no cloak)
rCorr    .         Harm     .   o - +0 pair of gloves
MR       .....                  (no boots)
Stlth    ++........             (no amulet)
HPRegen  0.13/turn              k - ring of ice
MPRegen  0.11/turn              (no ring)

@: frozen ramparts, very slow
A: change form in water, swift swim, stealthy swim
a: Bend Time, Renounce Religion


You were on level 4 of the Dungeon.
You worshipped Cheibriados.
Cheibriados was pleased with you.
You were not hungry.

You visited 1 branch of the dungeon, and saw 4 of its levels.

You collected 222 gold pieces.

Inventory:

Hand Weapons
 g - a +1 spear (weapon)
 h - a +0 dagger
 m - a +0 trident
Armour
 a - a +0 robe (worn)
 o - a +0 pair of gloves (worn)
Jewellery
 k - a ring of ice (left hand)
 n - an uncursed ring of fire
Wands
 d - a wand of enslavement (11)
Scrolls
 e - 2 scrolls of identify
 f - 2 scrolls of remove curse
 i - 2 scrolls of magic mapping
 l - a scroll of amnesia
Potions
 b - 2 potions of haste
Comestibles
 c - 7 rations
 j - a chunk of flesh


   Skills:
 * Level 5.7 Polearms
 - Level 2.6 Dodging
 - Level 2.1 Stealth
 - Level 2.0 Spellcasting
 * Level 0.8 Conjurations
 * Level 7.3 Ice Magic


You had one spell level left.
You knew the following spells:

 Your Spells              Type           Power        Failure   Level  Hunger
a - Freeze                Ice            ####         1%          1    #......
b - Frozen Ramparts       Ice            #####.       2%          3    ###....
c - Hailstorm             Conj/Ice       ####....     28%         4    #####..

Your spell library contained the following spells:

 Spells                   Type           Power        Failure   Level  Hunger
 Ozocubu's Armour         Chrm/Ice       ####....     11%         3    ###....
 Summon Ice Beast         Ice/Summ       ####....     34%         4    #####..


Dungeon Overview and Level Annotations

Branches:
Dungeon (4/15)
 Temple: D:4-7

Altars:
Cheibriados


Message History

An ogre comes into view. It is wielding a +0 giant club.
The ogre shouts!
You hear an angry hiss.
An adder comes into view.
There is an open door here.
The frilled lizard hisses angrily.
You hit the frilled lizard but do no damage.
The frilled lizard bites you.
You completely miss the ogre.
The frilled lizard bites you but does no damage.
The ogre hits you with a +0 giant club!
You hit the ogre but do no damage. The frilled lizard barely misses you.
Casting: Hailstorm (quite dangerous; 28% risk of failure)
Confirm with . or Enter, or press ? or * to list all spells.
You feel a surge of power!
The walls around you are covered in icicles.
The walls release a blast of icicles at the ogre!
The ogre is encased in ice.
The ogre hits you with a +0 giant club!!
Ouch! That really hurt!
You die...

##### #<...##
#..#... #......
###### #......
#....# #......
#.88.# ##+#......
#.88.####...###...
#....'.##...###...
#@####.........>..
#Ol# ###....####..
#S.# #...## ###
###. #...# .#
#...# .# #...# #
#####


You could see an ogre, an adder and a frilled lizard.

Vanquished Creatures
  A phantom (D:4)
  An orc priest (D:3)
  3 orc wizards (D:3)
  A worker ant (D:3)
  6 adders
  3 gnolls (D:2)
  An ooze (D:3)
  2 worms (D:2)
  5 dart slugs
  2 leopard geckos (D:2)
  10 orcs (D:3)
  A ball python (D:2)
  6 giant cockroaches
  7 goblins
  6 hobgoblins
  4 jackals (D:2)
  3 quokkas
  8 bats
  6 frilled lizards
  10 kobolds
  5 rats
91 creatures vanquished.

Notes
Turn   | Place    | Note
-------+----------+-------------------------------------------
     0 | D:1      | 2tousent the Merfolk Ice Elementalist began the quest for
                  | the Orb.
     0 | D:1      | Reached XP level 1. HP: 13/13 MP: 3/3
   408 | D:1      | Reached XP level 2. HP: 19/19 MP: 3/5
   409 | D:1      | Reached skill level 5 in Ice Magic
  1166 | D:1      | Reached XP level 3. HP: 16/24 MP: 4/6
  1177 | D:1      | Learned a level 3 spell: Frozen Ramparts
  1634 | D:2      | Reached skill level 1 in Polearms
  1909 | D:2      | Reached XP level 4. HP: 21/30 MP: 1/7
  2133 | D:2      | Reached skill level 6 in Ice Magic
  2238 | D:2      | Found a snail-covered altar of Cheibriados.
  2250 | D:2      | Became a worshipper of Cheibriados the Contemplative
  2638 | D:2      | Reached XP level 5. HP: 22/35 MP: 0/8
  2647 | D:2      | Learned a level 4 spell: Hailstorm
  3446 | D:3      | Reached * piety under Cheibriados
  3505 | D:3      | Reached XP level 6. HP: 41/41 MP: 3/9
  3515 | D:3      | Reached skill level 7 in Ice Magic
  3764 | D:3      | Reached skill level 5 in Polearms
  4122 | D:3      | Reached ** piety under Cheibriados
  4245 | D:4      | Noticed a phantom
  4254 | D:4      | Killed a phantom
  4359 | D:4      | Slain by an ogre

Levels and vault maps discovered:
D:1:      psy_arrival_conway, layout_basic, minmay_tromino_v4_c
D:2:      layout_basic, kennysheep_slug_shrine, nrook_mini_backslash,
          minmay_pentomino_pile
D:3:      layout_basic, first_ration
D:4:      minmay_chambers_of_fours, layout_basic, okawaru_gym_becter,
          serial_shops, nicolae_shop_statue_plus, tgw_xom, uniq_sigmund,
          uniq_grinder, uniq_eustachio

Skill      XL: |  1  2  3  4  5  6 |
---------------+-------------------+-----
Ice Magic      | 5 6 7 |  7.3
Polearms       | 1 3 4 5 |  5.7
Dodging        | |  2.6
Stealth        | |  2.1
Spellcasting   | |  2.0
Conjurations   | |  0.8

Action                   |  1- 3 |  4- 6 || total
-------------------------+-------+-------++-------
Melee: Unarmed           |     7 |       ||     7
       Dagger            |    51 |       ||    51
       Spear             |    31 |   106 ||   137
 Cast: Freeze            |    25 |     7 ||    32
       Frozen Ramparts   |     7 |    22 ||    29
       Hailstorm         |       |     2 ||     2
  Use: Potion            |     4 |       ||     4
       Scroll            |       |     8 ||     8
 Stab: Sleeping          |     7 |     5 ||    12
  Eat: Chunk             |     4 |    11 ||    15
Armor: Robe              |    21 |    13 ||    34
Dodge: Dodged            |    81 |    52 ||   133

Table legend:
 A = Non-vault XP
 B = Vault XP
 C = Vault XP percentage of total XP
 D = Non-vault monster count
 E = Vault monster count
 F = Vault count percentage of total count
                 A         B        C        D         E       F
            +---------+---------+-------+---------+---------+-------
      Total |     565 |      31 |   5.2 |      83 |       8 |   8.8
            +---------+---------+-------+---------+---------+-------
        D:1 |      35 |       3 |   7.9 |      19 |       2 |   9.5
        D:2 |     139 |      28 |  16.8 |      27 |       6 |  18.2
        D:3 |     261 |       0 |   0.0 |      34 |       0 |   0.0
        D:4 |     130 |       0 |   0.0 |       3 |       0 |   0.0
            +---------+---------+-------+---------+---------+-------
